 Dungeon Crawl Stone Soup version 0.28-a0-1395-g4f6bc678fa (webtiles) character file.

Game seed: 4375820955962849137

947 Deminshera the Skirmisher (level 7, -1/55 (60) HPs)
             Began as a Demonspawn Cinder Acolyte on Jan 4, 2022.
             Was an Initiate of Okawaru.
             Slain by a fire elemental (10 damage)
             ... created by the fiery vengeance of Ignis
             ... on level 3 of the Dungeon.
             The game lasted 00:07:23 (8343 turns).

Deminshera the Skirmisher (DsCA)                    Turns: 8343, Time: 00:07:23

HP:   -1/55 (60)    AC:  7    Str: 16    XL:     7   Next: 89%
MP:   8/8           EV: 11    Int: 11    God:    Okawaru [......]
Gold: 108           SH:  0    Dex: 11    Spells: 8/8 levels left

rFire   . . .      SeeInvis .   v - +5 mace "Diufuhut" {drain, rPois Will++ Int-5 Dex+3}
rCold   . . .      Faith    .   (no shield)
rNeg    . . .      Spirit   .   h - +0 leather armour
rPois   +          Reflect  .   o - +0 helmet
rElec   .          Harm     .   n - +1 cloak
rCorr   .          Rampage  .   r - +0 pair of gloves
Will    +++..                   (no boots)
Stlth   ++........              (no amulet)
HPRegen 0.18/turn               i - ring of willpower
MPRegen 0.11/turn               l - ring of flight

@: flying, drained, fire susceptible
A: claws 2, foul stench 1, powered by pain 3
a: Renounce Religion


You were on level 3 of the Dungeon.
You worshipped Okawaru.
Okawaru was noncommittal.
You visited 1 branch of the dungeon, and saw 5 of its levels.

You collected 108 gold pieces.

Inventory:

Hand Weapons
 a - a -1 short sword of flaming
 v - the +5 mace "Diufuhut" (weapon) {drain, rPois Will++ Int-5 Dex+3}
   (You found it on level 5 of the Dungeon)

   A truly terrible weapon, it drains the life of any living foe it strikes.
   Int:       It affects your intelligence (-5).
   Dex:       It affects your dexterity (+3).
   rPois:     It protects you from poison.
   Will:      It greatly increases your willpower.
Armour
 h - a +0 leather armour (worn)
 n - a +1 cloak (worn)
 o - a +0 helmet (worn)
 q - the +1 leather armour "Etaidicu" {Harm rF+}
   (You found it on level 4 of the Dungeon)

   rF:        It protects you from fire.
   Harm:      It increases damage dealt and taken.
 r - a +0 pair of gloves (worn)
 u - a +2 hat
Jewellery
 i - a ring of willpower (left hand)
 j - a +4 ring of evasion
 l - a ring of flight (right hand)
 m - a ring of wizardry
Scrolls
 b - 2 scrolls of noise {unknown}
 e - a scroll of fear {unknown}
 g - 5 scrolls of identify {unknown}
 k - a scroll of teleportation {unknown}
 p - a scroll of amnesia {unknown}
 s - a scroll of immolation {unknown}
 t - a scroll of enchant armour {unknown}
Potions
 c - 3 potions of brilliance
 d - a potion of cancellation {unknown}
 f - 2 potions of flight


   Skills:
 + Level 7.2 Fighting
 - Level 5.0 Short Blades
 - Level 2.0 Armour
 - Level 2.0 Dodging
 - Level 2.0 Stealth
 - Level 1.0 Spellcasting
 - Level 2.6 Fire Magic


You had 8 spell levels left.
You didn't know any spells.
Your spell library contained the following spells:

 Spells                   Type           Power      Damage    Failure   Level
 Scorch                   Fire           12%        2d5       21%         2
 Magic Dart               Conj           0%         1d3       36%         1
 Pain                     Necr           0%         1d4       36%         1
 Mephitic Cloud           Conj/Pois/Air  0%         N/A       75%         3
 Vampiric Draining        Necr           0%         2d6       75%         3
 Animate Skeleton         Necr           Unusable   N/A       N/A         1
 Call Imp                 Summ           Unusable   N/A       N/A         2

Dungeon Overview and Level Annotations

Branches:
Dungeon (5/15)
 Temple: D:4-7

Altars:
Okawaru

Annotations:
D:5 1 runed translucent door, Crazy Yiuf


Innate Abilities, Weirdness & Mutations

You have very sharp fingernails.
You may rarely emit foul miasma when damaged in melee.
You are powered by pain.


Message History

You fly upwards.
There is a stone staircase leading down, spattered with blood here.
The wight barely misses you.
Things that are here:
a +0 robe; a +0 falchion You hit the wight.
The wight is moderately damaged.
The wight hits you with a +0 short sword.
You thump the wight!
The wight is almost destroyed.
The wight closely misses you.
The wight hits you with a +0 short sword.
You feel drained.
You emit a cloud of foul miasma!
You hit the wight.
You destroy the wight!
Okawaru accepts your kill.
There is a stone staircase leading down, spattered with blood here.
You start resting. "These will know how to inflict the punishment due to you!" 2 fire elementals come into view.
There are monsters nearby!
There are monsters nearby!
There are monsters nearby!
There is an open door here.
Things that are here:
a +0 short sword; a +0 robe
There is a stone staircase leading up here.
The fire elemental hits you. The fire elemental burns you!
You fly upwards.
There is a stone staircase leading down here.
You sock the fire elemental!
The fire elemental is moderately damaged.
The fire elemental hits you. The fire elemental burns you!
The fire elemental closely misses you.
You hit the fire elemental.
The fire elemental is moderately damaged.
The fire elemental hits you. The fire elemental burns you!
* * * LOW HITPOINT WARNING * * *
The fire elemental hits you. The fire elemental burns you!
You die...

#####...#
####.###...###########
.......## #.# ##.## #.......
######.# #.# #.# #.######
######.# #.# #.# #.# #
.......# #.# #.# #.# #
######.########.####.# #.# #
#.............##.# #.# #
#..####.....E..#.#####.######
#####..#
#......@...........))...
.......#
#..####...#.##.#####)###
.####.## #..# ##.##.##.#
#.### .# ##.####..# #.<.....#
#.... .# #........# #######.#
#.### .# #..####.## #.#####.#
# .###..# #.# #.......###
..##..# #.# ########...
......# #.####### #...


You could see a fire elemental.

Vanquished Creatures
  A water moccasin (D:4)
  A black bear (D:4)
  A necrophage (D:4)
  An ogre (D:5)
  A phantom (D:4)
  A scorpion (D:4)
  2 wights (D:4)
  A hound (D:4)
  A jelly (D:4)
  Jessica (D:3)
  Natasha (thrice) (D:3)
  An orc wizard (D:3)
  4 gnolls (D:4)
  5 adders
  3 dart slugs
  5 orcs
  6 endoplasms
  4 giant cockroaches
  9 goblins
  6 hobgoblins
  7 jackals
  4 quokkas
  9 ball pythons
  7 bats
  4 frilled lizards (D:1)
  3 kobolds (D:2)
  5 rats (D:2)
96 creatures vanquished.

Vanquished Creatures (others)
  18 foxfires (D:4)
18 creatures vanquished.

Grand Total: 114 creatures vanquished

Notes
Turn   | Place    | Note
-------+----------+-------------------------------------------
     0 | D:1      | Deminshera the Demonspawn Cinder Acolyte began the quest
                  | for the Orb.
     0 | D:1      | Reached XP level 1. HP: 18/18 MP: 2/2
   276 | D:1      | Gained mutation: You have sharp fingernails. [demonic
                  | ancestry]
   276 | D:1      | Reached XP level 2. HP: 15/24 MP: 3/3
   659 | D:1      | Reached skill level 1 in Dodging
  1183 | D:1      | Reached skill level 1 in Armour
  1183 | D:1      | Gained mutation: You sometimes gain a little power by
                  | taking damage. [demonic ancestry]
  1183 | D:1      | Reached XP level 3. HP: 17/29 MP: 4/4
  1999 | D:2      | Found a faded altar of an unknown god.
  2564 | D:2      | Gained mutation: You sometimes gain power by taking damage.
                  | [demonic ancestry]
  2564 | D:2      | Reached XP level 4. HP: 31/35 MP: 5/5
  3458 | D:3      | Noticed Jessica
  3467 | D:3      | Killed Jessica
  3926 | D:3      | Noticed Natasha
  3928 | D:3      | Gained mutation: You are powered by pain. [demonic
                  | ancestry]
  3928 | D:3      | Reached XP level 5. HP: 37/42 MP: 6/6
  3944 | D:3      | Killed Natasha
  3945 | D:3      | Reached skill level 4 in Fighting
  4408 | D:3      | Found an iron altar of Okawaru.
  4532 | D:3      | Noticed Natasha
  4541 | D:3      | Killed Natasha
  4899 | D:3      | Noticed Natasha
  4907 | D:3      | Killed Natasha
  5225 | D:3      | Found an iron altar of Okawaru.
  5506 | D:4      | Gained mutation: You may rarely emit foul miasma when
                  | damaged in melee. [demonic ancestry]
  5506 | D:4      | Reached XP level 6. HP: 35/49 MP: 7/7
  5525 | D:4      | Identified the +1 leather armour "Etaidicu" {Harm rF+}
  5870 | D:4      | Reached skill level 5 in Fighting
  6325 | D:4      | HP: 3/78 [phantom (7)]
  6330 | D:4      | Reached skill level 6 in Fighting
  6330 | D:4      | Reached skill level 1 in Stealth
  6867 | D:4      | Gained mutation: You have very sharp fingernails. [demonic
                  | ancestry]
  6867 | D:4      | Reached XP level 7. HP: 56/58 MP: 8/8
  7807 | D:3      | Fell from the grace of Ignis
  7807 | D:3      | Became a worshipper of Warmaster Okawaru
  7839 | D:5      | Entered Level 5 of the Dungeon
  8009 | D:5      | Found a runed translucent door.
  8010 | D:5      | Noticed Crazy Yiuf
  8019 | D:5      | Identified the +5 mace "Diufuhut" {drain, rPois Will++
                  | Int-5 Dex+3}
  8040 | D:5      | Reached skill level 7 in Fighting
  8040 | D:5      | Reached skill level 5 in Short Blades
  8334 | D:4      | Noticed a fire elemental
  8334 | D:4      | Noticed a fire elemental
  8343 | D:3      | Slain by a fire elemental

Illustrated notes

Levels and vault maps discovered:
D:1:      minmay_arrival_wavy_path, layout_loops_ring
D:2:      layout_loops_ring, ebering_ecumenical_altar_abandoned
D:3:      layout_loops_ring, mainiacjoe_overflow_alcove_4, minivault_26,
          uniq_natasha, uniq_jessica
D:4:      layout_gridville, feat_on_display
D:5:      layout_basic, nicolae_overflow_crystal_walls, st_stairs_11,
          uniq_duvessa, uniq_crazy_yiuf_cottage, uniq_ijyb

Skill      XL: |  1  2  3  4  5  6  7 |
---------------+----------------------+-----
Short Blades   | 3 4 5 |  5.0
Dodging        | 1 2 |  2.0
Armour         | 1 2 |  2.0
Fighting       | 4 6 7 |  7.2
Stealth        | 1 2 |  2.0
Spellcasting   | |  1.0
Fire Magic     | |  2.6

Action                   |  1- 3 |  4- 6 |  7- 9 || total
-------------------------+-------+-------+-------++-------
Melee: Short sword       |   140 |   238 |    58 ||   436
       Mace              |       |       |    22 ||    22
Invok: Fiery Armour      |     1 |     5 |     1 ||     7
       Foxfire Swarm     |       |     1 |       ||     1
  Use: Potion            |       |     4 |     1 ||     5
 Stab: Sleeping          |     1 |       |       ||     1
       Distracted        |       |       |     1 ||     1
Armor: Robe              |    20 |       |       ||    20
       Leather armour    |       |    67 |    27 ||    94
       Skin              |       |     6 |     5 ||    11
Dodge: Dodged            |    75 |   135 |    41 ||   251

Table legend: (Time is in decaauts)
 A = Elapsed time spent in this place.
 B = Non-inter-level travel time spent in this place.
 C = Inter-level travel time spent in this place.
 D = Time resting spent in this place.
 E = Time spent auto-exploring this place.
 F = Levels seen in this place.
 G = Mean time per level.
                   A        B        C        D        E       F      G
               +--------+--------+--------+--------+--------+-----+--------+
         Total |   8318 |   8049 |    269 |   3323 |   3833 |   5 | 1663.6 |
       Dungeon |   8318 |   8049 |    269 |   3323 |   3833 |   5 | 1663.6 |
               +--------+--------+--------+--------+--------+-----+--------+

Top non-repeatable levels by time:
     D:4: 2553 daAuts
     D:3: 2089 daAuts
     D:2: 1935 daAuts
     D:1: 1456 daAuts
     D:5: 283 daAuts
